 Dungeon Crawl Stone Soup version 0.30-a0-756-gc2185399d4 (webtiles) character file.

Game seed: 14516626797274458269

7161 Angani the Frost Mage (level 10, -2/69 HPs)
             Began as a White Draconian Hedge Wizard on Feb 10, 2023.
             Was an Elder of Cheibriados.
             Slain by an orc warrior
             ... wielding a +0 glaive
              (6 damage)
             ... on level 9 of the Dungeon.
             The game lasted 00:23:43 (12646 turns).

Angani the Frost Mage (DrHW)                       Turns: 12646, Time: 00:23:43

Health: -2/69      AC: 12    Str: 25    XL:     10   Next: 86%
Magic:  5/24       EV: 13    Int: 29    God:    Cheibriados [****..]
Gold:   1399       SH:  0    Dex: 27    Spells: 11/29 levels left

rFire   + . .      SeeInvis +    c - +2 whip (venom)
rCold   + + .      Faith    .    (no shield)
rNeg    . . .      Spirit   .    (body armour unavailable)
rPois   .          Reflect  .    b - +2 hat
rElec   .          Harm     .    k - scarf {rC+ rF+}
rCorr   .          Rampage  .    (no gloves)
Will    .....                    B - +2 pair of boots
Stlth   +++                      p - amulet of Paranoia {Acrobat Drain Str+3 SInv}
HPRegen 0.31/turn                x - +6 ring of dexterity
MPRegen 0.19/turn                (no ring)

@: very slow
A: breathe frost, AC +7, unfitting armour, cold resistance 1, cold-blooded
a: Breathe Frost, Renounce Religion, Bend Time, Temporal Distortion, Slouch


You were on level 9 of the Dungeon.
You worshipped Cheibriados.
Cheibriados was greatly pleased with you.
You visited 2 branches of the dungeon, and saw 10 of its levels.

You collected 1489 gold pieces.
You spent 90 gold pieces at shops.

Inventory:

Hand Weapons
 c - a +2 whip of venom (weapon)
Missiles
 e - 5 curare-tipped darts
Armour
 b - a +2 hat (worn)
 k - a scarf of resistance (worn)
 B - a +2 pair of boots (worn)
Jewellery
 p - the amulet of Paranoia (around neck) {Acrobat Drain Str+3 SInv}
   (You found it on level 3 of the Dungeon)

   [amulet of the acrobat]

   It increases your evasion while moving and waiting.
   Str:       It affects your strength (+3).
   SInv:      It lets you see invisible.
   Drain:     It drains your maximum health when unequipped.
 x - a +6 ring of dexterity (left hand)
Wands
 s - a wand of digging (8)
 z - a wand of iceblast (14)
 F - a wand of paralysis (13)
 G - a wand of quicksilver (2)
 H - a wand of mindburst (3)
 I - a wand of flame (38)
Scrolls
 h - 3 scrolls of vulnerability
 o - 5 scrolls of teleportation
 q - a scroll of poison
 r - a scroll of fog
 t - 2 scrolls of fear
 v - a scroll of brand weapon
 y - a scroll of amnesia
 A - 3 scrolls of immolation {unknown}
 C - a scroll of blinking {unknown}
 J - a scroll of enchant armour
Potions
 a - a potion of brilliance {unknown}
 d - 3 potions of attraction
 f - 3 potions of lignification {unknown}
 g - 3 potions of might
 i - 2 potions of invisibility
 j - 4 potions of heal wounds {unknown}
 l - 4 potions of haste {unknown}
 m - 2 potions of mutation {unknown}
 n - 3 potions of curing
 u - a potion of berserk rage {unknown}
 w - 2 potions of degeneration
 D - 2 potions of ambrosia {unknown}
 E - a potion of flight {unknown}


   Skills:
 - Level 1.7 Dodging
 - Level 1.7 Stealth
 - Level 10.0 Spellcasting
 - Level 5.5 Conjurations
 - Level 5.5 Summonings
 - Level 5.5 Translocations
 - Level 10.0 Ice Magic
 + Level 3.4 Air Magic


You had 11 spell levels left.
You knew the following spells:

 Your Spells              Type           Power      Damage    Failure   Level
a - Magic Dart            Conj           100%       1d8       1%          1
b - Call Imp              Summ           46%        N/A       1%          2
c - Blink                 Tloc           92%        N/A       1%          2
d - Searing Ray           Conj           92%        2d7       1%          2
e - Hailstorm             Conj/Ice       56%        3d12      1%          3
f - Freezing Cloud        Conj/Ice/Air   25%        6-21      8%          5
g - Frozen Ramparts       Ice            100%       1d16      1%          3

Your spell library contained the following spells:

 Spells                   Type           Power      Damage    Failure   Level
 Foxfire                  Conj/Fire      100%       2x1d9     1%          1
 Freeze                   Ice            100%       1d10      1%          1
 Ensorcelled Hibernation  Hex/Ice        86%        N/A       1%          2
 Static Discharge         Conj/Air       80%        2-6/arc   1%          2
 Necrotise                Necr           56%        1d6       3%          1
 Slow                     Hex            56%        N/A       3%          1
 Cigotuvi's Dreadful Rot  Necr/Pois/Air  42%        N/A       3%          2
 Kindle Blastsparks       Fire/Tloc/Air  62%        2d15      3%          3
 Mephitic Cloud           Conj/Pois/Air  31%        N/A       3%          3
 Portal Projectile        Hex/Tloc       60%        N/A       3%          3
 Stone Arrow              Conj/Erth      60%        3d10      3%          3
 Summon Guardian Golem    Hex/Summ       30%        N/A       3%          3
 Ice Form                 Ice/Tmut       43%        N/A       4%          4
 Passwall                 Tmut/Erth      11%        N/A       5%          2
 Summon Lightning Spire   Summ/Air       40%        N/A       6%          4
 Ignite Poison            Fire/Tmut/Pois 14%        N/A       11%         3
 Spider Form              Tmut/Pois      14%        N/A       11%         3
 Tukima's Dance           Hex            14%        N/A       11%         3
 Vampiric Draining        Necr           14%        2d7       11%         3
 Iskenderun's Battlesphe  Conj           46%        2d10      11%         5
 Anguish                  Hex/Necr       7%         N/A       36%         4
 Simulacrum               Ice/Necr       21%        N/A       58%         6
 Agony                    Necr           14%        N/A       71%         5
 Blade Hands              Tmut           7%         N/A       71%         5
 Lehudib's Crystal Spear  Conj/Erth      15%        10d5      100%        8
 Animate Armour           Summ/Erth      Unusable   N/A       N/A         4

Dungeon Overview and Level Annotations

Branches:
Dungeon (9/15)             Temple (1/1) D:7            Lair (0/5) D:9
    Orc (0/2) D:9

Altars:
Ashenzari
Cheibriados
Dithmenos
Fedhas
Gozag
Nemelex Xobeh
Okawaru
Qazlal
Sif Muna
Vehumet
Wu Jian
Xom
Zin
The Shining One

Shops:
D:1 (   D:9 =

Annotations:
D:5 1 transporter, Aldia's ghost, amateur NaVM
D:8 1 runed translucent door, HammerPanzer's ghost, novice MiBe
D:9 3 runed translucent doors, epen's ghost, journeyman GnWn


Innate Abilities, Weirdness & Mutations

You can breathe waves of freezing cold which knock back foes.
Your icy white scales are hard. (AC +7)
You cannot fit into any form of body armour.
Your flesh is cold resistant. (rC+)
You are cold-blooded and may be slowed by cold attacks.


Message History

The orc wizard zaps a wand.
You easily resist.
The orc warrior hits you from afar with a +0 glaive!
* * * LOW HITPOINT WARNING * * *
Unknown command.
You feel better. The orc wizard barely misses you. The orc closely misses you.
The orc warrior misses you.
The orc wizard hits you but does no damage.
Activating: Slouch (63% risk of failure)
Press: ? - help, Dir - look around, f - activate You fail to use your ability.
The orc wizard hits you but does no damage.
The orc closely misses you. The orc misses you. The orc closely misses you.
The orc wizard zaps a wand.
You easily resist.
The now-empty wand crumbles to dust.
The orc warrior hits you from afar with a +0 glaive!
* * * LOW HITPOINT WARNING * * *
Unknown command.
Unknown command.
Unknown command.
Activating: Slouch (63% risk of failure)
Press: ? - help, Dir - look around, f - activate
Okay, then.
Activating: Slouch (63% risk of failure)
Press: ? - help, Dir - look around, f - activate You fail to use your ability.
The orc wizard hits you with a +0 dagger.
* * * LOW HITPOINT WARNING * * *
The orc barely misses you. The orc misses you.
The orc warrior closely misses you. The orc wizard closely misses you.
Unknown command.
Activating: Slouch (63% risk of failure)
Press: ? - help, Dir - look around, f - activate You fail to use your ability.
The orc wizard hits you but does no damage.
The orc misses you. The orc hits you with a +0 war axe.
* * * LOW HITPOINT WARNING * * *
The orc hits you but does no damage.
The orc wizard hits you but does no damage.
The orc warrior hits you from afar with a +0 glaive.
You die...

####.............## #
########################
..>.....°......)........
................)....#..
..)....).)).)..†.....#..
.......°.)............).
.....ooo.....##)....)...
#...ooo...............
#..oo@o...............
######################


You could see an orc warrior, 2 orc wizards and 6 orcs.

Vanquished Creatures
  2 manticores (D:9)
  A hornet (D:8)
  A troll (D:9)
  2 wyverns (D:9)
  A steam dragon (D:9)
  Edmund (D:3)
  4 water moccasins
  4 orc warriors
  A swamp drake (D:9)
  6 sky beasts
  2 ice beasts
  An ogre (D:5)
  A centaur (D:8)
  A wolf (D:9)
  3 phantoms
  4 kobold brigands
  4 bullfrogs
  2 gnoll sergeants
  3 scorpions
  14 wights
  10 killer bees
  2 electric eels (D:9)
  A howler monkey (D:9)
  12 hounds
  A jelly (D:5)
  8 orc priests
  A gnoll bouda (D:7)
  2 iguanas
  11 orc wizards
  7 adders
  7 gnolls
  A shadow imp (D:7)
  2 ufetubi
  2 worms
  4 dart slugs
  35 orcs
  9 endoplasms
  A giant cockroach (D:3)
  4 goblins
  4 hobgoblins
  6 jackals
  18 kobolds
  4 quokkas
  8 ball pythons
  4 bats
  3 frilled lizards
  A rat (D:2)
226 creatures vanquished.

Vanquished Creatures (collateral kills)
  Ijyb (D:5)
1 creature vanquished.

Vanquished Creatures (others)
  2 fungi (D:9)
  16 plants
  2 withered plants (D:8)
20 creatures vanquished.

Grand Total: 247 creatures vanquished

Notes
Turn   | Place    | Note
-------+----------+-------------------------------------------
     0 | D:1      | Angani the Draconian Hedge Wizard began the quest for the
                  | Orb.
     0 | D:1      | Reached XP level 1. HP: 14/14 MP: 4/4
    23 | D:1      | Found Qumareaf's Antique Weapon Emporium.
   127 | D:1      | You fall into a shaft and drop 1 floor!
   402 | D:1      | Reached XP level 2. HP: 20/20 MP: 3/6
  1236 | D:1      | Learned a level 2 spell: Call Imp
  1237 | D:2      | Found an iron altar of Okawaru.
  1308 | D:2      | Reached XP level 3. HP: 26/26 MP: 2/7
  1693 | D:2      | Learned a level 2 spell: Blink
  2184 | D:2      | Identified the +2 robe of Gestures {Str-2 Int+8 Slay-2}
  2407 | D:3      | Found a broken altar of Ashenzari.
  2608 | D:3      | Reached XP level 4. HP: 31/33 MP: 3/9
  2716 | D:3      | Found a shadowy altar of Dithmenos.
  2856 | D:3      | Found a blossoming altar of Fedhas.
  3054 | D:3      | Found a glowing golden altar of the Shining One.
  3061 | D:3      | Identified the amulet of Paranoia {Acrobat Drain Str+3
                  | SInv}
  3782 | D:4      | Noticed Edmund
  3806 | D:3      | HP: 1/29 [Edmund/+3 flail of draining (3)]
  3944 | D:3      | Killed Edmund
  3945 | D:3      | Reached XP level 5. HP: 34/38 MP: 5/10
  4024 | D:4      | Reached XP level 6. HP: 45/45 MP: 10/12
  4267 | D:4      | HP: 1/45 [phantom (4)]
  4755 | D:5      | Entered Level 5 of the Dungeon
  5036 | D:5      | Noticed a water moccasin
  5052 | D:5      | Killed a water moccasin
  5053 | D:5      | Your scales start taking on an icy white colour.
  5053 | D:5      | Reached XP level 7. HP: 13/50 MP: 1/13
  5053 | D:5      | Gained mutation: Your flesh is cold resistant. (rC+) [White
                  | Draconian growth]
  5472 | D:5      | Noticed Ijyb
  5494 | D:5      | Killed Ijyb
  5812 | D:5      | Found a transporter.
  5816 | D:5      | Noticed Aldia's ghost (amateur NaVM)
  5840 | D:5      | Reached skill level 5 in Spellcasting
  5869 | D:5      | Identified a scroll of acquirement
  5870 | D:5      | Acquired Simple Mysticism
  5875 | D:5      | Learned a level 2 spell: Searing Ray
  6325 | D:6      | Reached XP level 8. HP: 57/57 MP: 3/15
  6703 | D:6      | Reached skill level 5 in Translocations
  6704 | D:6      | Reached skill level 5 in Conjurations
  6704 | D:6      | Reached skill level 5 in Summonings
  7376 | D:6      | Learned a level 3 spell: Hailstorm
  7382 | D:6      | Learned a level 5 spell: Freezing Cloud
  7511 | D:6      | Reached skill level 1 in Ice Magic
  7722 | D:7      | Found a staircase to the Ecumenical Temple.
  7728 | Temple   | Entered the Ecumenical Temple
  7750 | Temple   | Became a worshipper of Cheibriados the Contemplative
  8016 | D:7      | Reached XP level 9. HP: 62/62 MP: 8/18
  8733 | D:7      | Reached * piety under Cheibriados
  8778 | D:7      | Found Zin's Purification Station.
  8800 | D:7      | Reached skill level 5 in Ice Magic
  9054 | D:7      | Acquired 804 gold pieces
  9059 | D:7      | Found a glowing silver altar of Zin.
  9062 | D:7      | Bought a potion of curing for 90 gold pieces
  9104 | D:7      | Learned a level 3 spell: Frozen Ramparts
  9322 | D:7      | Found a broken altar of Ashenzari.
  9723 | D:8      | Reached ** piety under Cheibriados
  9841 | D:8      | Found a runed translucent door.
  9842 | D:8      | Noticed HammerPanzer's ghost (novice MiBe)
 10207 | D:8      | Found a sparkling altar of Nemelex Xobeh.
 10559 | D:8      | Reached XP level 10. HP: 69/69 MP: 14/22
 10852 | D:9      | Found Kuzosuem's Jewellery Emporium.
 11101 | D:9      | Reached *** piety under Cheibriados
 11298 | D:9      | Found a runed translucent gate.
 11298 | D:9      | Found a runed translucent gate.
 11298 | D:9      | Found a runed translucent gate.
 11304 | D:9      | Noticed epen's ghost (journeyman GnWn)
 11310 | D:9      | Found an ornate altar of the Wu Jian Council.
 11894 | D:9      | Found a staircase to the Lair.
 11898 | D:9      | Reached **** piety under Cheibriados
 12074 | D:9      | Found a radiant altar of Vehumet.
 12225 | D:9      | Noticed a manticore
 12230 | D:9      | Noticed a manticore
 12235 | D:9      | Killed a manticore
 12239 | D:9      | Reached skill level 10 in Ice Magic
 12242 | D:9      | Killed a manticore
 12243 | D:9      | Reached skill level 10 in Spellcasting
 12243 | D:9      | Reached skill level 1 in Air Magic
 12408 | D:9      | Got the Volume of the Kinetic Gathering
 12493 | D:9      | Identified the +10 flail of Eternity {speed, Str+3}
 12632 | D:9      | Found a staircase to the Orcish Mines.
 12646 | D:9      | Slain by an orc warrior

Illustrated notes

Levels and vault maps discovered:
D:1:      amcnicky_arrival_choice, layout_basic, serial_shops,
          nicolae_shop_hallway_plus
D:2:      layout_basic, basic_altar
D:3:      layout_loops_cross, ashenzari_altar_1,
          mainiacjoe_overflow_cross_hatched, nicolae_overflow_squiral,
          minmay_close_crescents
D:4:      layout_loops_ring, hangedman_abyss_or_decor_lesser_grid, uniq_edmund
D:5:      layout_cave_pods, gammafunk_ghost_mausoleum, uniq_ijyb
D:6:      layout_basic
D:7:      layout_basic, zin_purify, minmay_temple_entry_hall,
          hangedman_decor_peaks_small, minmay_ruined_shrine
D:8:      layout_loops_corners, nemelex_diamond_rough_becter,
          gammafunk_ghost_grave, chequers_arboretum
D:9:      minmay_tri_box, layout_basic, lemuel_round_altar, vehumet_crystals,
          erik_lair_island, erik_orc_1, gammafunk_ghost_nasty_kobolds,
          serial_shops, shop
Temple:   nicolae_temple_superstar

Skill      XL: |  1  2  3  4  5  6  7  8  9 10 |
---------------+-------------------------------+-----
Summonings     | 2 3 4 5 |  5.5
Translocations | 2 3 4 5 |  5.5
Conjurations   | 2 3 4 5 |  5.5
Spellcasting   | 4 5 6 8 10 | 10.0
Ice Magic      | 3 7 10 | 10.0
Air Magic      | 3 |  3.4
Dodging        | |  1.7
Stealth        | |  1.7

Action                     |  1- 3 |  4- 6 |  7- 9 | 10-12 || total
---------------------------+-------+-------+-------+-------++-------
  Melee: Dagger            |    36 |    37 |       |       ||    73
         Tailslap          |     3 |     8 |     6 |     8 ||    25
         Whip              |       |     8 |    67 |    35 ||   110
         Punch             |       |     2 |       |       ||     2
  Throw: Dart              |       |     4 |       |       ||     4
   Cast: Magic Dart        |   108 |   122 |    55 |     4 ||   289
         Call Imp          |     1 |     2 |     1 |       ||     4
         Searing Ray       |       |       |    82 |    40 ||   122
         Frozen Ramparts   |       |       |     2 |     6 ||     8
         Freezing Cloud    |       |       |       |     8 ||     8
         Hailstorm         |       |       |       |     3 ||     3
Ability: Breathe Frost     |       |       |    13 |     2 ||    15
    Use: Scroll            |     3 |     2 |    10 |     1 ||    16
         Potion            |       |     5 |     1 |     2 ||     8
 Armour: Skin              |    17 |    24 |    50 |    43 ||   134
  Dodge: Dodged            |    39 |    47 |   189 |   160 ||   435

Table legend: (Time is in decaauts)
 A = Elapsed time spent in this place.
 B = Non-inter-level travel time spent in this place.
 C = Inter-level travel time spent in this place.
 D = Time resting spent in this place.
 E = Time spent auto-exploring this place.
 F = Levels seen in this place.
 G = Mean time per level.
                   A        B        C        D        E       F      G
               +--------+--------+--------+--------+--------+-----+--------+
         Total |  13727 |  13523 |    204 |   3022 |   8583 |  10 | 1372.7 |
       Dungeon |  13687 |  13498 |    189 |   3022 |   8570 |   9 | 1520.8 |
        Temple |     39 |     24 |     15 |      0 |     13 |   1 |   39.0 |
               +--------+--------+--------+--------+--------+-----+--------+

Top non-repeatable levels by time:
     D:7: 2319 daAuts
     D:9: 2183 daAuts
     D:8: 1528 daAuts
     D:5: 1515 daAuts
     D:6: 1385 daAuts
     D:3: 1365 daAuts
     D:2: 1210 daAuts
     D:4: 1126 daAuts
     D:1: 1052 daAuts
  Temple: 39 daAuts
